 Dungeon Crawl Stone Soup version 0.20.1-1-g8b1a95d (webtiles) character file.

29 Peloso the Skirmisher (level 3, 20/29 HPs)
             Began as a Demonspawn Fighter on Aug 3, 2017.
             Quit the game on level 2 of the Dungeon.
             The game lasted 00:02:13 (928 turns).

Peloso the Skirmisher (Demonspawn Fighter)           Turns: 928, Time: 00:02:15

Health: 20/29      AC:  8    Str: 17    XL:     3   Next: 1%
Magic:  3/3        EV:  7    Int: 14    God:
Gold:   20         SH:  9    Dex: 12    Spells: 2/2 levels left

rFire    + + .     SeeInvis .   a - +0 long sword
rCold    . . .     Gourm    .   c - +0 shield
rNeg     . . .     Faith    .   b - +0 scale mail
rPois    +         Spirit   .   (no helmet)
rElec    +         Reflect  .   (no cloak)
rCorr    +         Harm     .   (no gloves)
MR       .....                  (no boots)
Stlth    ..........             (no amulet)
Regen    0.1/turn               h - ring of fire
MPRegen  0.1/turn               (no ring)

@: brilliant, resistant
A: hooves 1, yellow scales 1
a: no special abilities


You were on level 2 of the Dungeon.
You were not hungry.

You visited 1 branch of the dungeon, and saw 2 of its levels.

You collected 20 gold pieces.

Inventory:

Hand Weapons
 a - a +0 long sword (weapon)
Armour
 b - a +0 scale mail (worn)
 c - a +0 shield (worn)
Jewellery
 h - a ring of fire (left hand)
Wands
 p - a wand of iceblast (7/15)
Scrolls
 g - a scroll of remove curse {unknown}
 i - a scroll of enchant armour {unknown}
 j - a scroll of amnesia {unknown}
 k - 2 scrolls of immolation {unknown}
 o - a scroll of random uselessness {unknown}
Potions
 d - a potion of might
Comestibles
 f - 2 bread rations
 m - a royal jelly


   Skills:
 + Level 3.1 Fighting
 + Level 2.2 Long Blades
 + Level 3.0 Armour
 + Level 0.3 Dodging
 + Level 2.9 Shields


You had 2 spell levels left.
You didn't know any spells.

Dungeon Overview and Level Annotations

Branches:
Dungeon (2/15)

Altars:

Annotations:
D:2 Robin


Innate Abilities, Weirdness & Mutations

You have large cloven feet.
You are partially covered in yellow scales. (AC +2)


Message History

You block the goblin's attack. The goblin hits you but does no damage.
Robin roars a battlecry!
The goblins go into a battle-frenzy!
You slash the goblin!
You kill the goblin!
You have reached level 3!
Your experience leads to an increase in your attributes!
Increase (S)trength, (I)ntelligence, or (D)exterity?
You feel stronger.
Your demonic ancestry asserts itself...
Your feet thicken and deform.
You block the goblin's attack. You block the hobgoblin's attack.
Robin says, "A pitiful Demonspawn like you will never find the ORB!"
It was a potion of curing.
You feel better. You block the goblin's attack.
It was a potion of resistance.
You feel protected. The goblin barely misses you.
It was a potion of brilliance.
You feel clever all of a sudden. The goblin hits you.
Are you sure you want to abandon this character and quit the game? (Confirm with "yes".)

....# .# ##.## .. ##.##
### #...###### ##
..........# ..
#...######.###. g#
##..........#.## .#
#.#########...####g###.##
#.# #.....@ggggg.... #.#
#.....#####g###. #.#
#.#.#.# ##.# #.#.#.# #..#
#####.#.#.#####.
...####...............#
............###.#######
.....######## #.# ....##
#.#


You could see Robin, 3 hobgoblins and 3 goblins.

Vanquished Creatures
  A worm (D:2)
  A leopard gecko (D:2)
  2 giant cockroaches (D:1)
  7 goblins
  A hobgoblin (D:2)
  2 kobolds (D:1)
  5 bats
  A frilled lizard (D:1)
  3 rats
23 creatures vanquished.

Vanquished Creatures (others)
  2 hobgoblins (D:1)
2 creatures vanquished.

Grand Total: 25 creatures vanquished

Notes
Turn   | Place    | Note
-------+----------+-------------------------------------------
     0 | D:1      | Peloso the Demonspawn Fighter began the quest for the Orb.
     0 | D:1      | Reached XP level 1. HP: 18/18 MP: 1/1
   165 | D:1      | Gained mutation: You are partially covered in yellow scales. (AC +2) [demonic ancestry]
   165 | D:1      | Reached XP level 2. HP: 20/24 MP: 2/2
   920 | D:2      | Noticed Robin
   922 | D:2      | Gained mutation: You have large cloven feet. [demonic ancestry]
   922 | D:2      | Reached XP level 3. HP: 13/29 MP: 3/3
   928 | D:2      | Quit the game

Skill      XL: |  1  2 |
---------------+-------+-----
Long Blades    | 2 |  2.2
Armour         | 3 |  3.0
Fighting       | |  3.1
Dodging        | |  0.3
Shields        | |  2.9

Action                   || total
-------------------------++-------
Melee: Long sword        ||    66
  Use: Potion            ||     3
Armor: Scale mail        ||    38
Dodge: Dodged            ||    20
Block: Shield            ||    40
       Rpst.: Long sword ||     8
